 Dungeon Crawl Stone Soup version 0.28-a0-998-gb9e9c7b67e (webtiles) character file.

Game seed: 8591821109626882729

1 demibob the Caller (level 1, 0/13 HPs)
             Began as a Demonspawn Wanderer on Dec 6, 2021.
             Constricted to death by a ball python (1 damage)
             ... on level 1 of the Dungeon.
             The game lasted 00:00:14 (46 turns).

demibob the Caller (Demonspawn Wanderer)              Turns: 46, Time: 00:00:15

Health: 0/13       AC:  2    Str: 10    XL:     1   Next: 16%
Magic:  2/2        EV:  8    Int: 14    God:
Gold:   23         SH:  0    Dex: 13    Spells: 2/2 levels left

rFire   . . .      SeeInvis .   a - +0 dagger
rCold   . . .      Faith    .   (no shield)
rNeg    . . .      Spirit   .   b - +0 robe
rPois   .          Reflect  .   (no helmet)
rElec   .          Harm     .   (no cloak)
rCorr   .          Rampage  .   (no gloves)
Will    .....                   (no boots)
Stlth   ++........              (no amulet)
HPRegen 0.04/turn               (no ring)
MPRegen 0.08/turn               (no ring)

@: constricted
A: no striking features
a: no special abilities


You were on level 1 of the Dungeon.
You visited 1 branch of the dungeon, and saw 1 of its levels.

You collected 23 gold pieces.


   Skills:
 + Level 2.8 Long Blades
 - Level 1.0 Stealth
 - Level 1.0 Spellcasting
 - Level 4.0 Summonings
 - Level 1.0 Evocations


You had 2 spell levels left.
You didn't know any spells.
Your spell library contained the following spells:

 Spells                   Type           Power      Damage    Failure   Level
 Summon Small Mammal      Summ           44%        N/A       4%          1
 Call Imp                 Summ           11%        N/A       8%          2
 Shock                    Conj/Air       0%         1d3       26%         1
 Call Canine Familiar     Summ           11%        N/A       16%         3
 Summon Guardian Golem    Hex/Summ       6%         N/A       34%         3
 Mephitic Cloud           Conj/Pois/Air  0%         N/A       61%         3
 Summon Lightning Spire   Summ/Air       6%         N/A       75%         4

Inventory:

Hand Weapons
 a - a +0 dagger (weapon)
Armour
 b - a +0 robe (worn)
Potions
 d - a potion of brilliance {unknown}
Miscellaneous
 c - a piece from Xom's chessboard (15/15) (quivered)

Dungeon Overview and Level Annotations

Branches:
Dungeon (1/15)

Altars:

...........#
...........#
...........#
...........#
...........####
.......KK#.....
≈≈≈≈≈≈≈b≈≈≈≈≈≈≈
▒▒▒▒♣▒▒S▒▒♣▒▒▒▒▒▒
▒@▒≈♣≈▒8..▒
▒▒8▒▒.▒▒8▒▒...▒
+.........'...▒
▒▒▒8▒+▒8▒▒▒...▒
♣▒ ▒▒♣ ▒8.8▒
▒▒'▒▒ ▒▒.▒ ▒8.▒▒▒
▒▒.▒≈▒


You could see a bat, a ball python and 2 kobolds.


Message History

You are too injured to fight recklessly!
You are too injured to fight recklessly!
You are too injured to fight recklessly!
You are too injured to fight recklessly!
Unknown command.
The bat hits you but does no damage.
The kobold throws a stone.
The stone closely misses you.
There is a large open door here.
There is a large open door here.
You closely miss the kobold. The kobold hits you with a +0 club.
* * * LOW HITPOINT WARNING * * *
You barely miss the kobold. The kobold closely misses you.
You hit the kobold.
The kobold is heavily wounded.
The kobold hits you but does no damage.
You hit the kobold but do no damage.
The kobold is heavily wounded.
The kobold hits you with a +0 club.
* * * LOW HITPOINT WARNING * * *
You hit the kobold.
You kill the kobold!
The bat hits you but does no damage.
You hit the ball python.
The ball python is severely wounded.
The ball python barely misses you. The ball python misses you.
You closely miss the ball python.
The ball python is severely wounded.
The ball python completely misses you. The ball python grabs you.
The ball python constricts you.
You die...

Action                   || total
-------------------------++-------
Melee: Dagger            ||    13
Armor: Robe              ||     7
Dodge: Dodged            ||    10

Levels and vault maps discovered:
D:1:      saegor_arrival_fortress, layout_basic,
          hellmonk_ecumenical_altar_blasted, serial_shops,
          nicolae_shop_window_shopping

Notes
Turn   | Place    | Note
-------+----------+-------------------------------------------
     0 | D:1      | demibob the Demonspawn Wanderer began the quest for the
                  | Orb.
     0 | D:1      | demibob set off with the following items: a +0 dagger, a +0
                  | robe, a piece from Xom's chessboard (15/15); and the
                  | following spells available to memorise: Summon Small
                  | Mammal, Call Imp, Shock, Call Canine Familiar, Summon
                  | Guardian Golem, Mephitic Cloud, Summon Lightning Spire
     0 | D:1      | Reached XP level 1. HP: 13/13 MP: 2/2
    43 | D:1      | HP: 1/13 [kobold (2)]
    46 | D:1      | Constricted to death by a ball python

Vanquished Creatures
  A kobold (D:1)
1 creature vanquished.

Table legend: (Time is in decaauts)
 A = Elapsed time spent in this place.
 B = Non-inter-level travel time spent in this place.
 C = Inter-level travel time spent in this place.
 D = Time resting spent in this place.
 E = Time spent auto-exploring this place.
 F = Levels seen in this place.
 G = Mean time per level.
                   A        B        C        D        E       F      G
               +--------+--------+--------+--------+--------+-----+--------+
         Total |     45 |     45 |      0 |      0 |     27 |   1 |   45.0 |
       Dungeon |     45 |     45 |      0 |      0 |     27 |   1 |   45.0 |
               +--------+--------+--------+--------+--------+-----+--------+

Top non-repeatable levels by time:
     D:1: 45 daAuts

Table legend:
 A = Non-vault XP
 B = Vault XP
 C = Vault XP percentage of total XP
 D = Non-vault monster count
 E = Vault monster count
 F = Vault count percentage of total count
                 A         B        C        D         E       F
            +---------+---------+-------+---------+---------+-------
      Total |       2 |       0 |   0.0 |       1 |       0 |   0.0
            +---------+---------+-------+---------+---------+-------
        D:1 |       2 |       0 |   0.0 |       1 |       0 |   0.0
            +---------+---------+-------+---------+---------+-------
